 Dungeon Crawl Stone Soup version 0.31.0-11-ge490571c62 (webtiles) character file.

Game seed: 16297570332233787668

553 fozzywoppz the Covert (level 7, -3/33 HPs)
             Began as a Spriggan Brigand on Jan 29, 2024.
             Slain by Duvessa
             ... wielding a +3 rapier of speed
              (7 damage)
             ... on level 4 of the Dungeon.
             The game lasted 00:10:11 (3584 turns).

fozzywoppz the Covert (Spriggan Brigand)            Turns: 3584, Time: 00:10:11

Health: -3/33      AC:  3    Str:  7    XL:     7   Next: 8%
Magic:  8/8        EV: 20    Int: 13    God:
Gold:   171        SH:  0    Dex: 18    Spells: 6/6 levels left

rFire   . . .        v - +1 rapier
rCold   . . .        (no shield)
rNeg    . . .        b - +0 robe
rPois   .            (helmet restricted)
rElec   .            c - +0 cloak
rCorr   .            (gloves unavailable)
SInv    +            (boots unavailable)
Will    +....        (no amulet)
Stlth   ++++         (no ring)
HPRegen 0.25/turn    (no ring)
MPRegen 0.11/turn

%: no passive effects
@: invisible, very quick
A: very small, no large weapons, unfitting armour, see invisible, speed 3
a: no special abilities


You were on level 4 of the Dungeon.
You visited 1 branch of the dungeon, and saw 4 of its levels.
You also visited: Sewer.

You collected 171 gold pieces.

Inventory:

Hand Weapons
 a - a +2 dagger
 t - a +0 vampiric short sword
 v - a +1 rapier (weapon)
Missiles
 d - 23 poisoned darts (quivered)
 e - 3 curare-tipped darts
 f - 6 darts of dispersal
Armour
 b - a +0 robe (worn)
 c - a +0 cloak (worn)
Jewellery
 n - an amulet of guardian spirit
Wands
 s - a wand of flame (1)
Scrolls
 g - a scroll of fear
 h - a scroll of enchant weapon
 k - 3 scrolls of vulnerability
 l - a scroll of immolation {unknown}
 o - a scroll of noise {unknown}
 p - 2 scrolls of blinking
 q - 2 scrolls of teleportation {unknown}
 u - a scroll of poison {unknown}
Potions
 i - a potion of magic
 m - 2 potions of enlightenment
 r - a potion of brilliance


   Skills:
 - Level 1.5 Fighting
 + Level 5.3 Short Blades
 - Level 2.0 Throwing
 + Level 5.6 Dodging
 + Level 8.9 Stealth


You had 6 spell levels left.
You didn't know any spells.
Your spell library contained the following spells:

 Spells                   Type           Power      Damage    Failure   Level
 Sting                    Conj/Alch      0%         1d3       30%         1
 Mercury Vapours          Alch/Air       0%         N/A       43%         2
 Ozocubu's Armour         Ice            0%         N/A       67%         3
 Stone Arrow              Conj/Erth      0%         3d7       67%         3
 Animate Armour           Summ/Erth      0%         N/A       97%         4
 Olgreb's Toxic Radiance  Alch           0%         N/A       97%         4
 Petrify                  Alch/Erth      0%         N/A       97%         4
 Freezing Cloud           Conj/Ice/Air   0%         6-21      100%        5


Dungeon Overview and Level Annotations

Branches:
Dungeon (4/15)              Sewer (visited)
 Temple: D:4-7

Altars:
Makhleb
Qazlal
Zin

Annotations:
D:4 Dowan; Duvessa; Edmund; Rangus's ghost, amateur OnAE


Innate Abilities, Weirdness & Mutations

You are very small and have problems with some larger weapons.
You are too small for most types of armour.
You have supernaturally acute eyesight. (SInv)
You cover ground extremely quickly. (Speed+++)


Message History

You kill Eustachio!
Your Short Blades skill increases to level 5!
You have reached level 7!
Things that are here:
a +0 rapier; a +0 leather armour
v - a +0 rapier You feel the dreadful sensation subside.
v - a +0 rapier (weapon)
You now have 163 gold pieces (gained 13).
You now have 171 gold pieces (gained 8).
Duvessa and Dowan come into view.
Duvessa is wielding a +3 rapier of speed.
There are monsters nearby!
Dowan shouts!
You hit Duvessa but do no damage. Duvessa completely misses you.
You hit Duvessa but do no damage.
Duvessa hits you with a +3 rapier of speed. x2
You barely miss Duvessa. Duvessa closely misses you.
You barely miss Duvessa.
Duvessa hits you with a +3 rapier of speed.
Throw: 24 darts (poison)
Press: ? - help, Q - select action, (/) - cycle Shift-Dir - straight line, f - Duvessa
Aim: Duvessa, wielding a +3 rapier of speed and wearing a +0 ring mail (67% to hit)
You throw a poisoned dart.
The poisoned dart barely misses Duvessa.
The poisoned dart hits Dowan.
Dowan is poisoned.
Duvessa hits you with a +3 rapier of speed!
As you read the scroll labelled FANKAOBYBA, it crumbles to dust.
It is a scroll of enchant weapon.
Your +0 rapier glows red for a moment.
Duvessa misses you.
Duvessa hits you with a +3 rapier of speed.
* * * LOW HITPOINT WARNING * * *
It was a potion of invisibility.
You fade into invisibility!
Duvessa closely misses you.
You hit Duvessa.
Duvessa is lightly wounded.
Duvessa completely misses you.
Duvessa hits you with a +3 rapier of speed!
You die...

###########
#.........#
#.........#
#.........#
#.........####
#............#
#.........##@#
#.[.......##e#
#### ..#
#........[##e.
..# ..#
#........>#####
#.# ..#
#####.#####
#.##.)# #.#
#.....# #.#
##....#### #.#
##......... #.#
########.#..<#


You could see Duvessa (unable to see you) and Dowan (unable to see you,
poisoned).

Vanquished Creatures
  Eustachio (D:4)
  2 kobold brigands (Sewer)
  A brain worm (Sewer)
  2 orc wizards (D:3)
  4 adders
  2 river rats (Sewer)
  6 ribbon worms
  A dart slug (D:1)
  2 orcs (D:3)
  7 bats
  14 endoplasms
  7 giant cockroaches
  7 goblins
  9 hobgoblins
  9 kobolds
  A quokka (D:1)
  7 ball pythons
  4 frilled lizards
  11 rats
97 creatures vanquished.

Notes
Turn   | Place    | Note
-------+----------+-------------------------------------------
     0 | D:1      | fozzywoppz the Spriggan Brigand began the quest for the
                  | Orb.
     0 | D:1      | Reached XP level 1. HP: 10/10 MP: 2/2
    87 | D:1      | Reached skill level 6 in Stealth
   127 | D:1      | Reached XP level 2. HP: 14/14 MP: 3/3
   224 | D:1      | Got Lukkulit's Folio of the Snow-white Tektite
   518 | D:1      | Found a faded altar of an unknown god.
   618 | D:2      | Reached XP level 3. HP: 18/18 MP: 4/4
  1443 | D:3      | Found a glowing drain.
  1469 | D:3      | Reached XP level 4. HP: 22/22 MP: 5/5
  1499 | Sewer    | Entered a sewer
  1638 | Sewer    | Reached skill level 7 in Stealth
  2019 | Sewer    | Noticed a kobold brigand
  2047 | Sewer    | Killed a kobold brigand
  2048 | Sewer    | Reached XP level 5. HP: 17/25 MP: 6/6
  2451 | Sewer    | Reached skill level 8 in Stealth
  2451 | Sewer    | Reached XP level 6. HP: 14/30 MP: 2/7
  2708 | D:3      | Found a burning altar of Makhleb.
  2708 | D:3      | Found a glowing silver altar of Zin.
  2708 | D:3      | Found a stormy altar of Qazlal.
  2968 | D:3      | Reached skill level 5 in Dodging
  3383 | D:4      | Noticed Rangus's ghost (amateur OnAE)
  3403 | D:4      | Noticed Edmund
  3546 | D:4      | Noticed Eustachio
  3552 | D:4      | Killed Eustachio
  3553 | D:4      | Reached skill level 5 in Short Blades
  3553 | D:4      | Reached XP level 7. HP: 33/33 MP: 8/8
  3575 | D:4      | Noticed Duvessa
  3575 | D:4      | Noticed Dowan
  3584 | D:4      | Slain by Duvessa

Illustrated notes

Levels and vault maps discovered:
D:1:      lightli_iron_boxes, layout_basic,
          hellmonk_ecumenical_altar_leap_of_faith
D:2:      layout_basic, kennysheep_generic_room_6
D:3:      layout_basic, gammafunk_temple_overflow_claw, gup_sewer_entry_glass,
          guppyfry_early_lair_pool
D:4:      layout_loops_ring, serial_shops, nicolae_shop_behind_doors,
          hellmonk_ghost_happy_afterlife, roderic_roman_lattice, uniq_eustachio,
          uniq_duvessa, uniq_edmund

Skill      XL: |  1  2  3  4  5  6 |
---------------+-------------------+-----
Stealth        | 6 7 8 |  8.9
Dodging        | 2 3 4 5 |  5.6
Short Blades   | 3 4 5 |  5.3
Fighting       | |  1.5
Throwing       | |  2.0

Action                     |  1- 3 |  4- 6 |  7- 9 || total
---------------------------+-------+-------+-------++-------
  Melee: Dagger            |   165 |   286 |       ||   451
         Punch             |     1 |     3 |       ||     4
         Short sword       |       |    11 |       ||    11
         Rapier            |       |       |     5 ||     5
  Throw: Dart              |     9 |    29 |     1 ||    39
    Use: Scroll            |     7 |     2 |     1 ||    10
         Potion            |       |     2 |     1 ||     3
   Stab: Sleeping          |    11 |    10 |       ||    21
         Distracted        |     1 |     1 |       ||     2
 Armour: Robe              |    48 |    73 |     6 ||   127
  Dodge: Dodged            |   106 |   184 |     5 ||   295
